 Dungeon Sprint DCSS version 0.30.1-9-gdf580d7c3d (webtiles) character file.

Game seed: 11017861034527216946

1605 Heoruswealwe the Impaler (level 8, -2/83 HPs)
             Began as a Minotaur Fighter on Sept 25, 2023.
             Was an Initiate of Gozag.
             Slain by a large slime creature (29 damage)
             ... in the Dungeon (Sprint IX: "|||||||||||||||||||||||||||||").
             The game lasted 00:04:09 (325 turns).

Heoruswealwe the Impaler (Minotaur Fighter)          Turns: 325, Time: 00:04:09

Health: -2/83      AC: 24    Str: 23    XL:     8   Next: 63%
Magic:  7/7        EV:  7    Int:  5    God:    Gozag
Gold:   450        SH:  0    Dex: 10    Spells: 7/7 levels left

rFire   . . .        b - +2 halberd (protect)
rCold   . . .        (shield currently unavailable)
rNeg    . . .        c - +0 plate armour
rPois   .            (helmet restricted)
rElec   .            (no cloak)
rCorr   .            (no gloves)
SInv    .            e - +0 pair of boots
Will    .....        (no amulet) Stlth
                     (no ring)
HPRegen 0.33/turn    (no ring)
MPRegen 0.10/turn

%: no teleportation
@: gold aura, under a protective aura
A: horns 2, retaliatory headbutt
a: Renounce Religion, Potion Petition, Call Merchant, Bribe Branch


You were in the Dungeon.
You worshipped Gozag.
Gozag was aware of your devotion.
You visited 1 branch You collected 450 gold pieces.

Inventory:

Hand Weapons
 a - a +3 trident of freezing
 b - a +2 halberd of protection (weapon)
Armour
 c - a +0 plate armour (worn)
 d - a +0 buckler
 e - a +0 pair of boots (worn)
Wands
 k - a wand of light (10)
Scrolls
 j - 2 scrolls of blinking
Potions
 f - 2 potions of heal wounds
 g - a potion of haste
 h - a potion of invisibility
 i - a potion of berserk rage
 l - a potion of might
 m - 5 potions of curing


   Skills:
 + Level 12.1 Fighting
 * Level 16.2 Polearms
 + Level 12.1 Armour
 - Level 3.6 Shields


You had 7 spell levels left.
You didn't know any spells.
Your spell library was empty.

Dungeon Overview and Level Annotations

Branches:
Dungeon (1/1)

Altars:
Cheibriados
Dithmenos
Elyvilon
Fedhas
Gozag
Hepliaklqana
Kikubaaqudgha
Makhleb
Nemelex Xobeh
Okawaru
Qazlal
Ru
Sif Muna
Trog
Uskayaw
Vehumet
Wu Jian
Xom
Yredelemnul
Zin
The Shining One
Jiyva
Lugonu


Innate Abilities, Weirdness & Mutations

You have a pair of horns on your head.
You reflexively headbutt those who attack you in melee.


Message History

The cyan ugly thing is moderately wounded.
The boulder beetle leaps!
You impale the cyan ugly thing!!
The cyan ugly thing is severely wounded.
The cyan ugly thing bites you! The cyan ugly thing shocks you!
You slash the cyan ugly thing!
The cyan ugly thing is almost dead.
The cyan ugly thing bites you but does no damage.
You impale the cyan ugly thing!!
You kill the cyan ugly thing!
The harpy changes into a spriggan!
Your Polearms skill increases to level 15!
You miss the spriggan. The spriggan hits you.
You puncture the spriggan!
The spriggan is heavily wounded.
You barely miss the spriggan.
The spriggan is heavily wounded.
The spriggan hits you.
You slice the spriggan!!
You kill the spriggan!
Your Fighting skill increases to level 12!
Your Polearms skill increases to level 16!
Your Armour skill increases to level 12!
You hit the large slime creature. You headbutt the large slime creature.
The large slime creature is lightly wounded.
You slice the large slime creature!!
The large slime creature is moderately wounded.
The large slime creature barely misses you.
You furiously retaliate!
You headbutt the large slime creature.
The centaur is distracted by your dazzling golden aura.
The centaur shouts!
You hit the large slime creature.
The large slime creature is moderately wounded.
The centaur is no longer distracted by gold.
The large slime creature hits you!!
You puncture the large slime creature! You headbutt the large slime creature!
The large slime creature is heavily wounded.
The large slime creature hits you!!
You die...
Your body crumbles into a pile of gold.

▓.▓
▓.▓
▓.▓
▓.▓
▓c▓
▓B▓
▓J▓
▓@▓
$
▓.▓
$
▓.▓
$ $
▓.▓
$
▓.▓
$
▓.▓
▓)▓
$
▓=▓
▓=▓
$


You could see a boulder beetle, a large slime creature and a centaur.

Vanquished Creatures
  An ugly thing (D)
  A gargoyle (D)
  A troll (D)
  A spriggan (shapeshifter) (D)
  A vampire mosquito (D)
  2 orc warriors (D)
  2 phantoms (D)
  A gnoll sergeant (D)
  A scorpion (D)
  An adder (D)
  An orc (D)
  2 ball pythons (D)
  An endoplasm (D)
  A goblin (D)
  A hobgoblin (D)
18 creatures vanquished.

Notes
Turn   | Place    | Note
-------+----------+-------------------------------------------
     0 | D        | Heoruswealwe the Minotaur Fighter began the quest for the
                  | Orb.
     0 | D        | Reached XP level 1. HP: 19/19 MP: 0/0
     8 | D        | Reached skill level 3 in Polearms
    33 | D        | Noticed a phantom
    33 | D        | Noticed a scorpion
    33 | D        | Noticed a phantom
    37 | D        | Killed a phantom
    38 | D        | Reached skill level 7 in Polearms
    38 | D        | Reached XP level 2. HP: 26/30 MP: 1/1
    38 | D        | Reached XP level 3. HP: 32/37 MP: 2/2
    38 | D        | Reached XP level 4. HP: 38/44 MP: 3/3
    40 | D        | Killed a scorpion
    41 | D        | Reached skill level 8 in Polearms
    50 | D        | Killed a phantom
    51 | D        | Reached skill level 10 in Polearms
    51 | D        | Reached XP level 5. HP: 37/53 MP: 4/4
    64 | D        | Found a snail-covered altar of Cheibriados.
    64 | D        | Found a shadowy altar of Dithmenos.
    64 | D        | Found a white marble altar of Elyvilon.
    64 | D        | Found a blossoming altar of Fedhas.
    64 | D        | Found an opulent altar of Gozag.
    65 | D        | Found a hazy altar of Hepliaklqana.
    66 | D        | Found a viscous altar of Jiyva.
    67 | D        | Found an ancient bone altar of Kikubaaqudgha.
    68 | D        | Found a corrupted altar of Lugonu.
    69 | D        | Found a burning altar of Makhleb.
    70 | D        | Found a sparkling altar of Nemelex Xobeh.
    71 | D        | Found an iron altar of Okawaru.
    72 | D        | Became a worshipper of Gozag Ym Sagoz the Greedy
    73 | D        | Found a stormy altar of Qazlal.
    74 | D        | Found a sacrificial altar of Ru.
    75 | D        | Found a shimmering blue altar of Sif Muna.
    76 | D        | Found a bloodstained altar of Trog.
    77 | D        | Found a hide-covered altar of Uskayaw.
    78 | D        | Found a radiant altar of Vehumet.
    79 | D        | Found an ornate altar of the Wu Jian Council.
    80 | D        | Found a shimmering altar of Xom.
    81 | D        | Found a basalt altar of Yredelemnul.
    82 | D        | Found a glowing silver altar of Zin.
    83 | D        | Found a glowing golden altar of the Shining One.
   134 | D        | Noticed an orc warrior
   134 | D        | Noticed a vampire mosquito
   134 | D        | Noticed a troll
   134 | D        | Noticed an orc warrior
   134 | D        | Noticed a gargoyle
   138 | D        | Killed a gargoyle
   139 | D        | Reached skill level 12 in Polearms
   139 | D        | Reached XP level 6. HP: 49/64 MP: 5/5
   143 | D        | Killed an orc warrior
   144 | D        | Reached skill level 10 in Fighting
   144 | D        | Reached skill level 13 in Polearms
   144 | D        | Reached skill level 10 in Armour
   144 | D        | Reached XP level 7. HP: 57/72 MP: 6/6
   150 | D        | Killed a troll
   151 | D        | Reached skill level 14 in Polearms
   162 | D        | Killed a vampire mosquito
   170 | D        | Reached XP level 8. HP: 37/82 MP: 7/7
   309 | D        | Noticed a slime creature
   309 | D        | Noticed a slime creature
   309 | D        | Noticed a boulder beetle
   309 | D        | Noticed a harpy
   309 | D        | Noticed a cyan ugly thing
   316 | D        | Killed a cyan ugly thing
   316 | D        | a harpy changed into a spriggan
   317 | D        | Reached skill level 15 in Polearms
   322 | D        | Reached skill level 16 in Polearms
   325 | D        | Slain by a large slime creature

Illustrated notes

Levels and vault maps discovered:
D:        linesprint [early_d, line_temple, items_1, d_10, items_2, lair_1,
          lair_end, items_3, orc_1, orc_end, items_4, d_15, swamp_1, shoals_1,
          snake_1, spider_1, d_20, vaults_1, items_5, swamp_end, shoals_end,
          snake_end, spider_end, vaults_end, d_27, items_6, zot_1, zot_end,
          crypt_end, forest_end, elf_end, slime_end, tomb_end, abyss_end,
          pan_hell_end]

Skill      XL: |  1  2  3  4  5  6  7  8 |
---------------+-------------------------+-----
Polearms       | 7 10 12 13 14 16 | 16.2
Fighting       | 6 7 9 10 11 12 | 12.1
Armour         | 6 7 9 10 11 12 | 12.1
Shields        | |  3.6

Action                     |  1- 3 |  4- 6 |  7- 9 || total
---------------------------+-------+-------+-------++-------
  Melee: Trident           |    18 |    20 |       ||    38
         Headbutt          |     4 |     3 |    11 ||    18
         Halberd           |       |     9 |    38 ||    47
    Use: Potion            |       |       |     1 ||     1
 Armour: Scale mail        |     6 |     4 |     9 ||    19
         Plate armour      |       |       |     4 ||     4
  Dodge: Dodged            |     4 |     7 |    13 ||    24
  Block: Buckler           |     5 |     4 |       ||     9
